Map: Whispers of Gold

Players

성큰콜로니

  • Race: Protoss Protoss
  • Spawn Location: 5:00

llllllllllll - Winner!

  • Race: Terran Terran
  • League: Platinum
  • Spawn Location: 9:00

VOD

Have the link to the VOD?

Description

Time

  • Played on: April 25, 2025, 5:11 a.m.
  • Length: 8:16
Show
View Real Time Build Order
Export as new Build Order

성큰콜로니 Protoss 

Build Orders: Forge Fast Expand (FFE) 

Get SALT Encoding   

  12  0:00  Probe  
  13  0:12  Probe  
  14  0:18  Pylon  
  14  0:24  Probe  
  15  0:38  Forge, Probe  
  16  0:46  Probe  
  16  0:55  Probe  
  16  0:56  Pylon  
  18  1:18  Pylon  
  18  1:23  Probe  
  18  1:39  Nexus  
  18  1:41  Pylon  
  18  1:45  Probe  
  19  1:47  Assimilator  
  19  1:57  Probe  
  19  1:59  Photon Cannon  
  20  2:09  Gateway  
  20  2:11  Probe  
  21  2:17  Assimilator  
  21  2:23  Probe  
  22  2:35  Probe  
  20  2:52  Probe  
  18  3:04  Probe  
  18  3:06  Photon Cannon  
  17  3:22  Gateway  
  14  3:29  Probe  
  12  3:44  Probe  
  8  3:54  Probe  
  7  4:02  Probe  
  9  4:11  Probe  
  10  4:21  Probe  
  10  4:25  Probe  
  10  4:29  Probe  
  12  4:42  Cybernetics Core  
  12  4:47  Probe  
  12  4:51  Probe  
  14  5:00  Probe  
  14  5:03  Probe  
  14  5:06  Assimilator  
  16  5:15  Probe  
  16  5:19  Pylon  
  17  5:24  Sentry  
  17  5:28  Probe  
  20  5:32  Probe  
  21  5:40  Probe  
  22  5:45  Probe  
  22  5:49  Photon Cannon  
  23  5:59  Probe  
  23  6:00  Pylon  
  24  6:10  Stalker  
  23  6:37  Probe  
  23  6:39  Gateway  
  24  6:41  Probe  
  24  6:43  Gateway  
  23  6:52  Photon Cannon  
  23  6:53  Photon Cannon  
  4  7:09  Pylon  
  4  7:15  Probe  
Show
View Real Time Build Order
Export as new Build Order

llllllllllll Terran - Winner!

Build Orders:  

Get SALT Encoding   

  12  0:00  SCV  
  13  0:12  SCV  
  14  0:24  SCV  
  14  0:27  Supply Depot  
  15  0:30  Refinery  
  15  0:50  Barracks  
  15  1:01  Barracks  
  15  1:37  Reaper  
  16  1:49  Reaper  
  17  1:58  Barracks  
  17  2:09  Reaper  
  18  2:21  Reaper  
  19  2:24  Supply Depot  
  19  2:39  SCV  
  19  2:41  Reaper  
  21  2:49  Reaper  
  22  2:51  SCV  
  23  3:04  SCV  
  24  3:11  Refinery  
  24  3:19  Orbital Command  
  23  3:46  Marine x3  
  22  3:49  SCV  
  22  3:54  Factory  
  22  4:01  SCV  
  23  4:04  Marine x3  
  26  4:14  SCV  
  27  4:21  Marine  
  27  4:23  Marine x2  
  30  4:26  SCV  
  31  4:37  Starport  
  31  4:38  Factory Tech Lab  
  31  4:44  Factory  
  31  4:51  Supply Depot, Marine  
  32  4:58  Siege Tank  
  35  5:03  Marine  
  35  5:04  Marine  
  37  5:14  Medivac  
  39  5:27  Factory Tech Lab  
  39  5:28  Marine x3  
  42  5:38  Supply Depot  
  42  5:48  Siege Tank  
  45  5:57  Marine x2  
  45  5:59  Marine  
  48  6:15  Marine x2  
  48  6:17  Marine  
  51  6:20  Medivac  
  53  6:39  Marine x2  
  54  6:47  Supply Depot  
  55  7:08  Siege Tank, Marine  
  59  7:29  Marine x3  
  62  7:34  Supply Depot  
  62  7:46  Marine  
  63  7:55  Marine x2  
  63  7:57  Supply Depot  
Tags
 
Add a new tag
Caveats
  • Supply blocks, unpowered buildings, or Contaminate may cause inaccurate times.
  • Supply counts are checked every 10 seconds.